Map: Lerilak Crest

Players

capac

  • Race: Terran Terran
  • League: Gold

ringo - Winner!

  • Race: Protoss Protoss
  • League: Bronze

VOD

Have the link to the VOD?

Description

Time

  • Played on: Feb. 19, 2016, 2:17 p.m.
  • Length: 28:15
Show
View Real Time Build Order
Export as new Build Order

capac Terran 

Build Orders:  

Get SALT Encoding   

  12  0:01  SCV  
  13  0:13  SCV  
  14  0:17  Supply Depot  
  14  0:26  SCV  
  15  0:39  SCV  
  15  0:42  Barracks  
  16  0:49  Refinery  
  16  0:52  SCV  
  18  1:04  SCV  
  18  1:16  SCV  
  19  1:32  Barracks Reactor  
  19  1:42  Command Center  
  19  1:43  Supply Depot  
  19  1:44  SCV  
  20  1:56  SCV  
  21  2:05  Barracks  
  21  2:16  Factory  
  21  2:18  Marine x2  
  21  2:21  SCV  
  24  2:36  Marine x2  
  26  2:39  SCV  
  27  2:56  SCV  
  27  2:57  Marine x2  
  30  3:03  Factory Tech Lab  
  30  3:07  Starport  
  30  3:15  Marine  
  31  3:34  Marine x2  
  31  3:37  Refinery  
  31  3:38  Orbital Command  
  31  3:39  Orbital Command  
  31  3:40  Marine  
  34  3:50  Siege Tank  
  36  4:12  Marine x3  
  36  4:15  Orbital Command  
  39  4:18  SCV  
  40  4:45  Bunker  
  40  4:47  SCV  
  41  4:54  Marine x3  
  44  5:03  Siege Tank  
  46  5:09  Supply Depot  
  46  5:14  Liberator  
  46  5:19  Supply Depot  
  46  5:26  Supply Depot  
  46  5:31  Reaper, SCV x2  
  46  5:32  Supply Depot  
  52  5:43  SCV x2  
  54  5:51  Refinery  
  54  5:55  SCV x2  
  52  5:57  Cyclone  
  54  6:06  Liberator  
  53  6:15  Marine x3  
  53  6:16  Engineering Bay  
  56  6:21  SCV x2  
  61  6:33  Marine x2  
  61  6:34  Supply Depot  
  63  6:44  Supply Depot  
  63  6:46  Marine  
  64  6:55  Barracks  
  64  6:58  Barracks  
  64  6:59  Marine x2  
  66  7:03  Refinery  
  66  7:05  SCV x2  
  63  7:20  Missile Turret  
  63  7:22  Marine x2  
  66  7:23  SCV x2  
  66  7:24  Supply Depot, Starport Reactor  
  66  7:27  Barracks Tech Lab  
  67  7:35  SCV  
  68  7:37  SCV  
  68  7:39  Marine  
  70  7:47  SCV  
  70  7:49  Barracks Reactor x2  
  71  7:53  Marine x2  
  71  7:57  Marine  
  74  8:01  Missile Turret  
  74  8:02  SCV x2  
  76  8:11  Marine  
  77  8:16  SCV x2  
  77  8:17  Marine  
  77  8:18  Marine  
  81  8:21  Medivac x2  
  85  8:28  Stimpack  
  85  8:29  Marine  
  86  8:40  SCV x2  
  88  8:45  Command Center  
  88  8:52  Marine x6  
  72  10:03  Medivac x2  
  72  10:04  Marine x5  
  72  10:05  Marine  
  72  10:06  Marine  
  83  10:11  Terran Infantry Weapons Level 1  
  76  10:51  SCV  
  76  10:55  Marine x3  
  76  10:56  Marine x4  
  84  10:58  Orbital Command  
  84  11:03  SCV  
  83  11:16  SCV  
  84  11:22  Marine x7  
  84  11:23  Liberator  
  84  11:24  Liberator  
  91  11:39  Marine  
  98  11:56  SCV  
  98  11:58  SCV  
  98  12:01  SCV  
  101  12:05  Marine x3  
  101  12:06  Marine x3  
  101  12:08  Terran Infantry Armor Level 1, SCV  
  108  12:10  SCV  
  108  12:12  Armory  
  108  12:13  SCV  
  109  12:30  Missile Turret  
  109  12:31  Liberator x2  
  109  12:42  SCV x2  
  109  12:43  SCV  
  117  12:54  SCV  
  117  12:55  SCV x2  
  117  12:57  Missile Turret  
  120  13:06  SCV  
  121  13:15  SCV  
  121  13:16  SCV  
  121  13:18  SCV  
  123  13:39  Supply Depot  
  123  13:42  Supply Depot  
  123  13:44  Marine x5, Siege Tank  
  123  13:45  Marine x2  
  133  13:53  Missile Turret  
  133  13:58  Medivac x2  
  137  14:06  Supply Depot  
  137  14:08  Supply Depot  
  137  14:13  Marine x3, Liberator x2  
  137  14:14  Marine x2  
  148  14:32  Marine x4, Siege Tank  
  152  14:53  SCV x3  
  154  15:05  Marine x4, SCV x2  
  154  15:06  Marine x3  
  163  15:12  Engineering Bay  
  163  15:16  Refinery  
  163  15:19  Refinery  
  163  15:23  Marine  
  164  15:29  Missile Turret  
  164  15:31  Siege Tank  
  167  15:44  Starport  
  169  15:54  Supply Depot  
  169  15:56  Terran Infantry Weapons Level 2, Liberator  
  167  15:58  Terran Infantry Armor Level 2  
  167  16:11  Siege Tank  
  173  16:31  Liberator  
  173  16:36  Marine x3  
  173  16:37  Marine x4  
  180  16:48  Siege Tank  
  180  16:51  Supply Depot  
  186  16:59  Starport Reactor  
  182  17:36  Marine x4  
  182  17:37  Marine x2  
  188  18:02  Missile Turret  
  188  18:25  Marine x2  
  188  18:26  Marine x3  
  189  18:50  Siege Tank  
  192  19:22  Siege Tank  
  195  19:28  Marine x3  
  195  19:29  Marine x4  
  169  19:46  Marine x4  
  169  19:47  Marine x3  
  154  20:04  Marine x6  
  154  20:05  Marine  
  161  20:21  Marine  
  161  20:22  Marine x6  
  168  20:30  Medivac x3  
  168  20:31  Medivac  
  176  20:39  Marine x2  
  176  20:40  Marine x5  
  182  20:57  Command Center  
  182  21:00  Siege Tank  
  179  22:25  Liberator  
  177  22:38  Liberator  
  182  23:01  Marine x2  
  182  23:02  Marine x2  
  182  23:03  Marine  
  182  23:04  Marine x2  
  180  23:18  Marine, Liberator x2  
  180  23:19  Marine, Liberator  
  172  23:20  Marine  
  172  23:21  Marine  
  127  23:34  Siege Tank  
  127  23:40  Liberator  
  138  24:28  Terran Infantry Weapons Level 3  
  138  24:30  Terran Infantry Armor Level 3  
  138  24:56  Siege Tank  
  141  25:44  Marine  
  141  25:45  Marine x6  
  141  25:48  Siege Tank  
  151  25:50  Medivac x4  
  159  25:57  Command Center  
  159  26:02  Marine x2  
  159  26:03  Marine x5  
  162  26:20  Marine x2, Siege Tank  
  162  26:23  Marine x3  
  162  26:24  Marine x2  
  167  26:38  Marine  
  133  27:35  Marine  
  132  27:41  Marine, Siege Tank  
  132  27:42  Marine  
Show
View Real Time Build Order
Export as new Build Order

ringo Protoss - Winner!

Build Orders:  

Get SALT Encoding   

  12  0:01  Probe (Chrono Boost)  
  13  0:11  Probe (Chrono Boost)  
  14  0:18  Pylon  
  14  0:22  Probe (Chrono Boost)  
  15  0:36  Probe (Chrono Boost)  
  15  0:38  Gateway  
  16  0:47  Probe (Chrono Boost)  
  17  0:56  Assimilator  
  17  0:57  Probe (Chrono Boost)  
  18  1:08  Probe (Chrono Boost)  
  20  1:18  Probe (Chrono Boost)  
  20  1:26  Cybernetics Core  
  20  1:27  Gateway  
  20  1:29  Probe (Chrono Boost)  
  20  1:32  Pylon  
  21  1:39  Probe (Chrono Boost)  
  22  1:55  Probe (Chrono Boost)  
  23  2:03  Warp Gate (Chrono Boost)  
  23  2:05  Adept (Chrono Boost)  
  25  2:11  Assimilator  
  27  2:18  Adept (Chrono Boost)  
  27  2:32  Nexus  
  27  2:34  Pylon  
  27  2:38  Adept (Chrono Boost)  
  31  2:48  Adept (Chrono Boost)  
  31  2:52  Probe  
  32  3:04  Probe  
  33  3:15  Gateway  
  33  3:16  Probe, Gateway  
  34  3:28  Probe  
  35  3:39  Pylon  
  35  3:40  Probe  
  36  3:47  Pylon  
  36  3:52  Probe  
  37  4:04  Probe  
  36  4:13  Stargate  
  36  4:16  Probe  
  37  4:18  Probe  
  38  4:28  Zealot  
  38  4:29  Probe x2, Twilight Council  
  42  4:32  Pylon  
  42  4:35  Robotics Facility  
  42  4:55  Stalker  
  44  5:00  Oracle  
  47  5:10  Stalker x2  
  47  5:11  Stalker  
  53  5:17  Probe  
  53  5:19  Probe  
  55  5:23  Assimilator  
  55  5:26  Observer  
  56  5:28  Assimilator  
  56  5:31  Probe x2  
  56  5:33  Pylon  
  58  5:36  Pylon  
  58  5:42  Probe  
  58  5:43  Probe  
  58  5:44  Blink (Chrono Boost)  
  58  5:47  Observer  
  61  5:52  Probe  
  61  5:55  Probe  
  63  6:11  Oracle  
  66  6:20  Warp Prism (Chrono Boost)  
  68  6:26  Probe  
  68  6:27  Probe  
  70  6:39  Probe  
  71  6:40  Pylon  
  71  6:41  Adept  
  71  6:42  Adept x2  
  71  6:43  Pylon  
  71  6:45  Gateway x2  
  77  6:48  Gateway  
  77  6:59  Probe  
  77  7:00  Probe  
  79  7:12  Probe  
  80  7:17  Probe  
  81  7:23  Nexus  
  81  7:24  Probe  
  81  7:27  Pylon  
  81  7:28  Probe  
  83  7:30  Pylon  
  83  7:32  Adept x2  
  83  7:33  Pylon, Adept  
  83  7:34  Forge  
  83  7:36  Forge  
  89  7:39  Robotics Bay  
  89  7:46  Resonating Glaives (Chrono Boost)  
  89  7:51  Probe, Immortal  
  93  7:53  Probe  
  95  8:05  Probe  
  93  8:19  Probe  
  93  8:20  Probe  
  93  8:23  Assimilator  
  95  8:28  Assimilator  
  95  8:32  Probe  
  95  8:33  Photon Cannon, Adept x2  
  95  8:34  Adept x2  
  104  8:36  Photon Cannon  
  104  8:41  Photon Cannon, Gateway  
  104  8:44  Photon Cannon  
  100  9:11  Adept  
  100  9:12  Adept x3  
  100  9:13  Adept x3  
  108  9:45  Probe x2  
  102  9:47  Probe  
  102  9:52  Protoss Ground Weapons Level 1 (Chrono Boost)  
  105  9:56  Probe  
  105  9:58  Protoss Ground Armor Level 1 (Chrono Boost)  
  98  10:00  Disruptor  
  101  10:07  Gateway  
  101  10:10  Probe, Gateway  
  101  10:11  Probe, Gateway  
  101  10:13  Photon Cannon  
  103  10:16  Probe  
  103  10:18  Photon Cannon  
  104  10:35  Probe  
  104  10:36  Probe  
  104  10:37  Probe  
  107  10:50  Disruptor (Chrono Boost)  
  107  10:52  Charge  
  110  11:04  Gateway  
  104  11:08  Gateway  
  104  11:09  Stalker x6  
  104  11:10  Stalker x5  
  126  11:31  Pylon  
  126  11:33  Pylon  
  126  11:36  Gateway  
  126  11:39  Protoss Ground Weapons Level 2, Gateway  
  126  11:41  Gateway  
  126  11:43  Templar Archives  
  126  11:44  Gateway  
  126  11:49  Gateway  
  129  11:54  Disruptor (Chrono Boost)  
  129  11:58  Protoss Ground Armor Level 2 (Chrono Boost)  
  129  12:03  Gravitic Drive  
  129  12:10  Robotics Facility  
  129  12:12  Robotics Facility  
  129  12:14  Nexus  
  129  12:16  Pylon  
  129  12:19  Pylon  
  129  12:23  Pylon  
  129  12:25  Warp Prism (Chrono Boost)  
  131  12:57  Immortal (Chrono Boost)  
  135  13:01  Assimilator  
  135  13:05  Assimilator  
  135  13:07  Photon Cannon  
  135  13:12  Photon Cannon  
  135  13:14  Photon Cannon  
  135  13:16  Photon Cannon  
  135  13:21  Photon Cannon  
  135  13:32  Immortal x2 (Chrono Boost)  
  143  13:36  Adept x3  
  143  13:37  Adept x6  
  143  13:38  Adept x4  
  169  13:41  Psionic Storm  
  169  13:49  Probe  
  169  13:54  Probe x2  
  170  13:56  Probe  
  170  14:01  Protoss Ground Weapons Level 3 (Chrono Boost)  
  170  14:02  Mothership Core  
  175  14:04  Extended Thermal Lance  
  175  14:13  Disruptor x2  
  175  14:15  Immortal  
  185  14:18  High Templar x3  
  185  14:19  High Templar x4  
  199  14:29  Dark Shrine  
  199  14:38  Pylon  
  196  15:11  High Templar x2, Nexus  
  196  15:13  Assimilator  
  200  15:15  Gateway  
  200  15:17  Assimilator  
  200  15:19  Pylon  
  200  15:20  Pylon  
  200  15:22  Pylon  
  200  15:23  Photon Cannon, Gateway  
  200  15:24  Archon  
  200  15:25  Photon Cannon, Pylon  
  200  15:26  Pylon  
  200  15:29  Pylon  
  200  15:31  Pylon  
  199  16:17  Photon Cannon  
  199  16:19  Photon Cannon  
  199  16:22  Photon Cannon  
  199  16:25  Photon Cannon  
  199  16:28  Photon Cannon  
  199  16:29  Pylon  
  199  16:31  Photon Cannon  
  199  16:37  Gateway  
  199  16:39  Gateway  
  199  16:41  Gateway  
  199  16:44  Gateway, Pylon  
  197  16:55  Dark Templar  
  195  17:39  Pylon  
  195  17:52  Warp Prism  
  193  18:58  High Templar x3  
  199  19:08  Archon  
  193  20:01  Stalker x3  
  199  20:08  Protoss Shields Level 1 (Chrono Boost), Protoss Ground Armor Level 3 (Chrono Boost)  
  199  20:22  Robotics Facility x2  
  199  20:25  Robotics Facility  
  199  20:27  Nexus  
  197  20:30  Assimilator  
  197  20:34  Assimilator  
  193  21:02  Adept  
  195  21:07  Dark Templar x2  
  199  21:14  Observer  
  198  22:03  Adept  
  197  22:20  Pylon  
  197  22:22  Pylon  
  195  22:26  Pylon  
  193  22:31  Dark Templar x3  
  193  22:47  Photon Cannon  
  193  22:50  Photon Cannon  
  193  22:57  Dark Templar x2  
  193  22:58  Dark Templar x2  
  83  23:31  Immortal x2  
  83  23:32  Immortal  
  81  23:35  Stalker x2  
  81  23:36  Stalker x5  
  81  23:37  Stalker x5  
  81  23:38  Stalker x4  
  81  23:39  Stalker x3  
  119  23:44  Disruptor  
  119  23:45  Disruptor x2  
  120  24:03  High Templar x5  
  120  24:04  High Templar x2  
  120  24:09  High Templar x6  
  146  24:10  High Templar x5  
  156  24:18  Zealot  
  158  24:27  Archon  
  158  24:28  Archon x4  
  158  24:47  High Templar x4  
  166  25:01  Pylon  
  166  25:05  Pylon  
  166  25:07  Pylon  
  166  25:10  Archon x2  
  166  25:12  Pylon  
  166  25:14  Pylon  
  166  25:16  Observer x2  
  166  25:20  Protoss Shields Level 2 (Chrono Boost)  
  167  25:37  Pylon  
  167  25:48  Pylon  
  167  25:49  Zealot  
  169  25:55  Nexus  
  169  25:57  Assimilator  
  169  26:02  Assimilator  
  169  26:06  Adept x2  
  169  26:07  Adept, Pylon  
  169  26:10  Pylon  
  175  26:13  Pylon  
  173  26:27  Dark Templar x2  
  173  26:28  Dark Templar x2  
  181  26:44  Stalker x4  
  181  26:45  Stalker x6  
  181  26:46  Stalker x6  
  179  27:24  Dark Templar x2  
Tags
 
Add a new tag
Caveats
  • Supply blocks, unpowered buildings, or Contaminate may cause inaccurate times.
  • Supply counts are checked every 10 seconds.